PAAA
BAKERSFIELD NOBLES @ PLYMOUTH ROCKS
07/12/2037
 
TOP OF THE 1ST
Bakersfield Nobles batting - Pitching for Plymouth Rocks : RHP Alejandro Ramírez
Pitching: RHP Alejandro Ramírez
Batting: SHB Serious Lee 0-0: Ball
1-0: Ground out 4-3 (Groundball, 4, EV 79.4 MPH)
Batting: LHB John Ennis 0-0: Fly out, F9 (Flyball, 9S, EV 88.8 MPH)
Batting: RHB Bart Goodine 0-0: Ball
1-0: Fly out, F9 (Flyball, 9LM, EV 96.2 MPH)
Top of the 1st over - 0 runs, 0 hits, 0 errors, 0 left on base; Bakersfield 0 - Plymouth 0
BOTTOM OF THE 1ST
Plymouth Rocks batting - Pitching for Bakersfield Nobles : RHP Kelemeneke Balun
Pitching: RHP Kelemeneke Balun
Batting: RHB Tumas Wenzu 0-0: Called Strike
0-1: Swinging Strike
0-2: Ball
1-2: Ball
2-2: Ball
3-2: Foul Ball, location: 2F
3-2: Fly out, F4 (Popup, 34, EV 71.9 MPH)
Batting: RHB Sidney Mackell 0-0: Ball
1-0: Ground out 1-3 (Groundball, 34S, EV 79.4 MPH)
Batting: RHB Syed Sarkar 0-0: Ball
1-0: Called Strike
1-1: Ball
2-1: Foul Ball, location: 2F
2-2: Foul Ball, location: 2F
2-2: Foul Ball, location: 2F
2-2: SINGLE (Line Drive, 6MD, EV 96.2 MPH)
Batting: LHB Jesús Guillén 0-0: Called Strike
0-1: Called Strike
0-2: Ball
1-2: Fielders Choice at 2nd, 5-4 (Groundball, 5, EV 80.0 MPH)
Bottom of the 1st over - 0 runs, 1 hit, 0 errors, 1 left on base; Bakersfield 0 - Plymouth 0
TOP OF THE 2ND
Bakersfield Nobles batting - Pitching for Plymouth Rocks : RHP Alejandro Ramírez
Batting: RHB Alfredo Araújo 0-0: Swinging Strike
0-1: SINGLE (Groundball, 6MD, EV 102.5 MPH)
Batting: SHB Eisse van Opdorp 0-0: Called Strike
0-1: Ball
1-1: Ball
2-1: Foul Ball, location: 2F
2-2: Strikes out swinging
Batting: RHB Dave Broom 0-0: Called Strike
0-1: Fielders Choice at 2nd, 6-4 (Groundball, 6, EV 86.9 MPH)
Batting: RHB Omer Yurtseven 0-0: Ball
Dave Broom steals 2nd base (no throw)
1-0: Called Strike
1-1: Called Strike
1-2: Strikes out swinging
Top of the 2nd over - 0 runs, 1 hit, 0 errors, 1 left on base; Bakersfield 0 - Plymouth 0
BOTTOM OF THE 2ND
Plymouth Rocks batting - Pitching for Bakersfield Nobles : RHP Kelemeneke Balun
Batting: RHB Joe Mueller 0-0: Called Strike
0-1: SINGLE (Flyball, 7LS, EV 93.1 MPH)
Batting: RHB Jaime Soto 0-0: Called Strike
0-1: Called Strike
0-2: Foul Ball, location: 2F
0-2: Ball
1-2: DOUBLE (Line Drive, 89D, EV 104.4 MPH)
Joe Mueller to third
Batting: LHB Dae-ik Park 0-0: Fly out, F5 (Popup, 5SF, EV 73.1 MPH)
Batting: RHB Lex van Esch 0-0: Called Strike
0-1: Swinging Strike
0-2: Ball
1-2: SINGLE (Groundball, 6MD, EV 104.4 MPH)
Joe Mueller scores
Jaime Soto to third
Batting: RHB António Avery 0-0: Fly out, F9 (Flyball, 9S, EV 80.0 MPH)
Batting: RHB Tumas Wenzu 0-0: Ball
1-0: Ball
2-0: Ball
3-0: Called Strike
3-1: Base on Balls
Lex van Esch to second
Batting: RHB Sidney Mackell 0-0: Ball
1-0: Ball
2-0: Called Strike
2-1: Swinging Strike
2-2: Ball
3-2: Foul Ball, location: 2F
3-2: Ground out 1-3 (Groundball, P, EV 86.9 MPH)
Bottom of the 2nd over - 1 run, 3 hits, 0 errors, 3 left on base; Bakersfield 0 - Plymouth 1
TOP OF THE 3RD
Bakersfield Nobles batting - Pitching for Plymouth Rocks : RHP Alejandro Ramírez
Batting: RHB John Mayasich 0-0: Called Strike
0-1: Foul Ball, location: 2F
0-2: Strikes out looking
Batting: LHB Pedro Corona 0-0: SOLO HOME RUN (Flyball, 9LD, EV 96.2 MPH), Distance : 346 ft
Batting: SHB Serious Lee 0-0: Fly out, F8 (Flyball, 8LS, EV 88.1 MPH)
Batting: LHB John Ennis 0-0: SINGLE (Groundball, 34D, EV 103.1 MPH)
Batting: RHB Bart Goodine 0-0: Called Strike
0-1: Ball
John Ennis steals 2nd base
1-1: Foul Ball, location: 2F
1-2: Ball
2-2: Ball
3-2: Ground out 6-3 (Groundball, 6, EV 80.0 MPH)
Top of the 3rd over - 1 run, 2 hits, 0 errors, 1 left on base; Bakersfield 1 - Plymouth 1
BOTTOM OF THE 3RD
Plymouth Rocks batting - Pitching for Bakersfield Nobles : RHP Kelemeneke Balun
Pitching: RHP Shu-de Cui
Batting: RHB Syed Sarkar 0-0: Ball
1-0: Ball
2-0: Called Strike
2-1: Called Strike
2-2: DOUBLE (Line Drive, 7LS, EV 88.1 MPH)
Batting: LHB Jesús Guillén 0-0: Ball
1-0: Ball
2-0: Ball
3-0: Base on Balls
Batting: RHB Joe Mueller 0-0: Called Strike
0-1: Hit by Pitch
Syed Sarkar to third
Jesús Guillén to second
Batting: RHB Jaime Soto 0-0: Foul Ball, location: 2F
0-1: Fly out, F8 (Flyball, 8LS, EV 83.1 MPH)
Batting: LHB Dae-ik Park 0-0: Called Strike
0-1: Ball
1-1: Called Strike
1-2: Grounds into double play, 6-4-3 (Groundball, 6, EV 85.6 MPH)
Bottom of the 3rd over - 0 runs, 1 hit, 0 errors, 2 left on base; Bakersfield 1 - Plymouth 1
TOP OF THE 4TH
Bakersfield Nobles batting - Pitching for Plymouth Rocks : RHP Alejandro Ramírez
Batting: RHB Alfredo Araújo 0-0: Ball
1-0: Ground out 6-3 (Groundball, 56, EV 85.0 MPH)
Batting: SHB Eisse van Opdorp 0-0: Ball
1-0: Ball
2-0: Foul Ball, location: 2F
2-1: Called Strike
2-2: Fly out, F9 (Flyball, 9S, EV 78.8 MPH)
Batting: RHB Dave Broom 0-0: Ball
1-0: Called Strike
1-1: Fly out, F8 (Flyball, 8LD, EV 93.8 MPH)
Top of the 4th over - 0 runs, 0 hits, 0 errors, 0 left on base; Bakersfield 1 - Plymouth 1
BOTTOM OF THE 4TH
Plymouth Rocks batting - Pitching for Bakersfield Nobles : RHP Shu-de Cui
Batting: RHB Lex van Esch 0-0: Called Strike
0-1: Foul Ball, location: 2F
0-2: Foul Ball, location: 2F
0-2: Ball
1-2: Fly out, F9 (Flyball, 89S, EV 80.6 MPH)
Batting: RHB António Avery 0-0: Ball
1-0: Called Strike
1-1: Ball
2-1: Fly out, F9 (Line Drive, 9D, EV 106.2 MPH)
Batting: RHB Tumas Wenzu 0-0: Ball
1-0: Swinging Strike
1-1: Fly out, F5 (Popup, 25F, EV 83.8 MPH)
Bottom of the 4th over - 0 runs, 0 hits, 0 errors, 0 left on base; Bakersfield 1 - Plymouth 1
TOP OF THE 5TH
Bakersfield Nobles batting - Pitching for Plymouth Rocks : RHP Alejandro Ramírez
Batting: RHB Omer Yurtseven 0-0: Ball
1-0: Ball
2-0: Called Strike
2-1: Swinging Strike
2-2: Ground out U3 (Groundball, 3, EV 87.5 MPH)
Batting: RHB John Mayasich 0-0: Ball
1-0: Swinging Strike
1-1: Foul Ball, location: 2F
1-2: Ground out 6-3 (Groundball, 6, EV 85.6 MPH)
Batting: LHB Pedro Corona 0-0: Foul Ball, location: 2F
0-1: Called Strike
0-2: Strikes out looking
Top of the 5th over - 0 runs, 0 hits, 0 errors, 0 left on base; Bakersfield 1 - Plymouth 1
BOTTOM OF THE 5TH
Plymouth Rocks batting - Pitching for Bakersfield Nobles : RHP Shu-de Cui
Pitching: RHP Will McLeod
Batting: RHB Sidney Mackell 0-0: Fly out, F9 (Flyball, 89M, EV 98.1 MPH)
Batting: RHB Syed Sarkar 0-0: Ball
1-0: Called Strike
1-1: Ball
2-1: Ball
3-1: Called Strike
3-2: Ground out 6-3 (Groundball, 6, EV 80.6 MPH)
Batting: LHB Jesús Guillén 0-0: Fly out, F8 (Line Drive, 8LD, EV 90.0 MPH)
Bottom of the 5th over - 0 runs, 0 hits, 0 errors, 0 left on base; Bakersfield 1 - Plymouth 1
TOP OF THE 6TH
Bakersfield Nobles batting - Pitching for Plymouth Rocks : RHP Alejandro Ramírez
Batting: SHB Serious Lee 0-0: Swinging Strike
0-1: Ball
1-1: Ball
2-1: Ball
3-1: Base on Balls
Batting: LHB John Ennis 0-0: Called Strike
Serious Lee steals 2nd base
0-1: DOUBLE (Flyball, 8RXD, EV 106.2 MPH)
Serious Lee scores
Batting: RHB Bart Goodine 0-0: Called Strike
0-1: Swinging Strike
0-2: Strikes out swinging
Batting: RHB Alfredo Araújo 0-0: Ball
1-0: Ball
2-0: Called Strike
2-1: Foul Ball, location: 2F
2-2: Fly out, F9 (Flyball, 9, EV 87.5 MPH)
Batting: SHB Eisse van Opdorp 0-0: Called Strike
0-1: Ball
1-1: Ball
2-1: Ball
3-1: Called Strike
3-2: Base on Balls
Batting: RHB Dave Broom 0-0: Called Strike
0-1: Foul Ball, location: 2F
0-2: Ball
1-2: Ball
2-2: Foul Ball, location: 2F
2-2: Foul Ball, location: 2F
2-2: Strikes out swinging
Top of the 6th over - 1 run, 1 hit, 0 errors, 2 left on base; Bakersfield 2 - Plymouth 1
BOTTOM OF THE 6TH
Plymouth Rocks batting - Pitching for Bakersfield Nobles : RHP Will McLeod
Batting: RHB Joe Mueller 0-0: Ball
1-0: Called Strike
1-1: Swinging Strike
1-2: Foul Ball, location: 2F
1-2: Fly out, F8 (Line Drive, 8RD, EV 85.0 MPH)
Batting: RHB Jaime Soto 0-0: Ball
1-0: Called Strike
1-1: Ball
2-1: Ball
3-1: Foul Ball, location: 2F
3-2: Base on Balls
Batting: LHB Dae-ik Park 0-0: Fly out, F9 (Flyball, 9LM, EV 83.1 MPH)
Batting: RHB Lex van Esch 0-0: Called Strike
0-1: Ball
1-1: Ball
2-1: Ball
3-1: Called Strike
3-2: Base on Balls
Jaime Soto to second
Batting: RHB António Avery 0-0: Swinging Strike
0-1: Called Strike
0-2: Foul Ball, location: 2F
0-2: Ball
1-2: Ball
2-2: Ball
3-2: Base on Balls
Jaime Soto to third
Lex van Esch to second
Batting: RHB Tumas Wenzu 0-0: Called Strike
0-1: Fly out, F8 (Flyball, 8LM, EV 90.0 MPH)
Bottom of the 6th over - 0 runs, 0 hits, 0 errors, 3 left on base; Bakersfield 2 - Plymouth 1
TOP OF THE 7TH
Bakersfield Nobles batting - Pitching for Plymouth Rocks : RHP Alejandro Ramírez
Batting: RHB Omer Yurtseven 0-0: Ball
1-0: Called Strike
1-1: Swinging Strike
1-2: Strikes out swinging
Batting: RHB John Mayasich 0-0: Ball
1-0: Called Strike
1-1: Foul Ball, location: 2F
1-2: Ball
2-2: Strikes out swinging
Batting: LHB Pedro Corona 0-0: Called Strike
0-1: Ball
1-1: Foul Ball, location: 2F
1-2: Ball
2-2: Foul Ball, location: 2F
2-2: Ground out 5-3 (Groundball, 5, EV 80.6 MPH)
Top of the 7th over - 0 runs, 0 hits, 0 errors, 0 left on base; Bakersfield 2 - Plymouth 1
BOTTOM OF THE 7TH
Plymouth Rocks batting - Pitching for Bakersfield Nobles : RHP Will McLeod
Batting: RHB Sidney Mackell 0-0: Called Strike
0-1: Foul Ball, location: 2F
0-2: SINGLE (Line Drive, 7LS, EV 90.6 MPH)
Pitching: RHP José Sauls
Batting: RHB Syed Sarkar 0-0: Ball
1-0: Ball
2-0: Ball
3-0: Foul Ball, location: 2F
3-1: Base on Balls
Sidney Mackell to second
Batting: LHB Jesús Guillén 0-0: Swinging Strike
0-1: Ball
1-1: SINGLE (Groundball, 56D, EV 95.0 MPH)
Sidney Mackell to third
Syed Sarkar to second
Runner from 3rd tries for Home, throw by LF and OUT! 7-2
Pinch Runner at 2nd Conrad Hessing:
Batting: RHB Joe Mueller 0-0: Foul Ball, location: 2F
0-1: Foul Ball, location: 2F
0-2: Ball
1-2: Foul Ball, location: 2F
1-2: Fly out, F4 (Popup, 34D, EV 56.2 MPH)
Batting: RHB Jaime Soto 0-0: Ball
1-0: Swinging Strike
1-1: Ball
2-1: Called Strike
2-2: Strikes out swinging
Bottom of the 7th over - 0 runs, 2 hits, 0 errors, 2 left on base; Bakersfield 2 - Plymouth 1
TOP OF THE 8TH
Bakersfield Nobles batting - Pitching for Plymouth Rocks : RHP Alejandro Ramírez
Now at 1B: Jeff Lawson
Batting: SHB Serious Lee 0-0: Ground out 4-3 (Groundball, 4M, EV 107.5 MPH)
Batting: LHB John Ennis 0-0: Foul Ball, location: 2F
0-1: Fly out, F4 (Popup, 34S, EV 79.4 MPH)
Batting: RHB Bart Goodine 0-0: Ball
1-0: Foul Ball, location: 2F
1-1: Ball
2-1: Ground out 6-3 (Groundball, 6, EV 101.2 MPH)
Top of the 8th over - 0 runs, 0 hits, 0 errors, 0 left on base; Bakersfield 2 - Plymouth 1
BOTTOM OF THE 8TH
Plymouth Rocks batting - Pitching for Bakersfield Nobles : RHP José Sauls
Batting: LHB Dae-ik Park 0-0: Ball
1-0: Ball
2-0: Ball
3-0: Called Strike
3-1: Foul Ball, location: 2F
3-2: Strikes out looking
Batting: RHB Lex van Esch 0-0: Ball
1-0: Fly out, F9 (Flyball, 9LD, EV 93.1 MPH)
Batting: RHB António Avery 0-0: Called Strike
0-1: Ball
1-1: Ball
2-1: Ball
3-1: Base on Balls
Batting: RHB Tumas Wenzu 0-0: Ball
1-0: Ball
2-0: Ground out 6-3 (Groundball, 56S, EV 75.0 MPH)
Bottom of the 8th over - 0 runs, 0 hits, 0 errors, 1 left on base; Bakersfield 2 - Plymouth 1
TOP OF THE 9TH
Bakersfield Nobles batting - Pitching for Plymouth Rocks : RHP Alejandro Ramírez
Batting: RHB Alfredo Araújo 0-0: Ball
1-0: Foul Ball, location: 2F
1-1: Foul Ball, location: 2F
1-2: Foul Ball, location: 2F
1-2: Fly out, F8 (Flyball, 8LM, EV 86.9 MPH)
Batting: SHB Eisse van Opdorp 0-0: Ball
1-0: Ball
2-0: Foul Ball, location: 2F
2-1: Swinging Strike
2-2: Ball
3-2: Base on Balls
Pitching: RHP Melvin Turner
Batting: RHB Dave Broom 0-0: Ball
1-0: SINGLE (Groundball, 56, EV 95.0 MPH)
Eisse van Opdorp to second
Batting: RHB Omer Yurtseven 0-0: Ball
1-0: Foul Ball, location: 2F
1-1: Fly out, F4 (Popup, 4MS, EV 70.6 MPH)
Batting: RHB John Mayasich 0-0: Ball
1-0: Foul Ball, location: 2F
1-1: Ball
2-1: Ball
3-1: SINGLE (Flyball, 78M, EV 90.6 MPH)
Eisse van Opdorp to third
Dave Broom to second
Runner from 3rd tries for Home, SAFE, no throw by LF
Batting: LHB Pedro Corona 0-0: Foul Ball, location: 2F
0-1: Ball
1-1: Called Strike
1-2: Ball
2-2: Ground out 4-3 (Groundball, 4, EV 110.6 MPH)
Top of the 9th over - 1 run, 2 hits, 0 errors, 2 left on base; Bakersfield 3 - Plymouth 1
BOTTOM OF THE 9TH
Plymouth Rocks batting - Pitching for Bakersfield Nobles : RHP José Sauls
Batting: RHB Sidney Mackell 0-0: Ball
1-0: Ball
2-0: Swinging Strike
2-1: Called Strike
2-2: Foul Ball, location: 2F
2-2: Strikes out swinging
Batting: LHB Jeff Lawson 0-0: Ball
1-0: Ball
2-0: Called Strike
2-1: Fly out, F9 (Line Drive, 9D, EV 100.6 MPH)
Pitching: LHP Jorge Gil
Batting: LHB Jesús Guillén 0-0: Fly out, F8 (Line Drive, 8LM, EV 90.0 MPH)
Bottom of the 9th over - 0 runs, 0 hits, 0 errors, 0 left on base; Bakersfield 3 - Plymouth 1
Thursday, January 23rd, 2020 - OOTP Baseball 20.8 Build 74